Sound Tigers vs Wolves (R1)

Created - January 4, 2022 at 19:01

Goals
1 2 3 T
Sound Tigers 0 1 0 1
Wolves 0 2 2 4
Shots
1 2 3 T
Sound Tigers 7 10 16 33
Wolves 6 9 12 27

1st period

No Goal

Penalties :
Borna Rendulic (BRI) for Tripping (Minor) at 6:29, Borna Rendulic (BRI) for Interference (Minor) at 14:22

2nd period

1. Wolves , Kyle Rau 3 (Jeffrey Foss 7, Laurent Brossoit) at 5:43 (PP)
2. Wolves , Fredrik Olofsson 4 (Thomas Spelling 6, Anton Lindholm 6) at 8:59
3. Sound Tigers , Scott Glennie 3 (Tyrell Goulbourne 4, Connor Murphy 9) at 19:27

Penalties :
Fredrik Olofsson (Chi) for Holding (Minor) at 1:29, James Sheppard (BRI) for Holding (Minor) at 5:14, Samuel Girard (Chi) for Roughing (Minor) at 12:21, Tyrell Goulbourne (BRI) for Hooking (Minor) at 14:49, Borna Rendulic (BRI) for Hooking (Minor) at 19:47

3rd period

4. Wolves , Sebastian Aho 4 (Victor Olofsson 3, Jakub Zboril 2) at 3:04
5. Wolves , Antti Suomela 7 (Jeff Petry 3, Zachary Senyshyn 1) at 14:03

Penalties :
Fredrik Olofsson (Chi) for Hooking (Minor) at 8:19, Victor Olofsson (Chi) for Holding (Minor) at 11:52, Borna Rendulic (BRI) for Interference (Minor) at 14:38, Eric Robinson (Chi) for Hooking (Minor) at 17:29

Goalie Stats

Pavel Francouz (BRI), 23 saves from 27 shots - (0.852), L, 4-5-1, 60:00 minutes
Laurent Brossoit (Chi), 32 saves from 33 shots - (0.970), W, 5-3-2, 60:00 minutes

Players Stats for Sound Tigers

Player Name              G  A  P  +/- PIM S  H  SB GA TA FO     MP     PP MP  PK MP  
------------------------------------------------------------------------------------
Alexander Yelesin        0  0  0  -1  0   0  0  0  0  0  0/0    11:07   0:00   0:39 
Ben Johnson              0  0  0   0  0   0  0  0  0  0  2/6     8:19   0:00   2:34 
Ben Thomson              0  0  0   0  0   4  2  0  0  0  0/0    18:21   4:13   4:41 
Blake Speers             0  0  0   0  0   0  1  0  0  0  0/0     0:32   0:13   0:11 
Borna Rendulic           0  0  0   0  8   1  2  1  0  0  0/1    19:46   5:29   1:18 
Brad Ross                0  0  0   0  0   0  0  0  0  0  0/0     7:30   0:00   1:23 
Brandon Gignac           0  0  0   0  0   0  0  0  0  0  0/1     4:21   0:00   4:00 
Connor Murphy            0  1  1   0  0   4  1  5  0  3  0/0    28:29   5:49   6:40 
David Broll              0  0  0   0  0   0  0  0  0  0  0/0     0:00   0:00   0:00 
Dylan McIlrath           0  0  0   1  0   2  0  2  0  1  0/0    28:01   5:44   6:15 
Gabriel Carlsson         0  0  0  -2  0   0  0  2  0  1  0/0    10:21   0:05   0:00 
Garret Pilon             0  0  0   0  0   0  0  0  0  0  0/0     0:23   0:20   0:00 
James Livingstone        0  0  0   0  0   0  0  2  1  0  1/2    15:13   4:13   1:35 
James Sheppard           0  0  0   0  2   6  3  1  1  1  1/8    23:33   5:37   5:06 
Josh Archibald           0  0  0   0  0   1  0  0  0  0  1/1     5:43   0:00   0:00 
Julian Melchiori         0  0  0  -1  0   4  4  1  1  2  0/0    21:01   4:06   3:37 
Pavel Kraskovsky         0  0  0   0  0   0  1  0  0  0  5/8    13:33   4:13   0:00 
Rhett Gardner            0  0  0  -2  0   0  0  0  0  0  4/7    11:13   0:00   0:00 
Ryan Bourque             0  0  0   0  0   4  1  0  0  0  10/29  18:19   5:27   0:00 
Scott Glennie            1  0  1  -2  0   3  0  1  1  0  0/0    11:13   0:00   0:00 
Slater Koekkoek          0  0  0  -1  0   0  1  1  0  0  0/0    21:01   4:06   3:37 
Tyrell Goulbourne        0  1  1  -2  2   4  1  0  1  0  1/1    11:31   0:00   0:00 

Players Stats for Wolves

Player Name              G  A  P  +/- PIM S  H  SB GA TA FO     MP     PP MP  PK MP  
------------------------------------------------------------------------------------
Alexandre Grenier        0  0  0   0  0   3  2  0  1  0  4/8    22:53   5:30   5:26 
Anton Lindholm           0  1  1   2  0   0  0  2  0  0  0/0    20:59   3:57   4:17 
Antti Suomela            1  0  1   2  0   1  0  0  0  1  1/5    11:30   0:00   0:00 
Dylan Coghlan            0  0  0   0  0   0  0  0  0  0  0/0     4:15   0:00   0:00 
Eric Robinson            0  0  0   0  2   3  2  0  2  0  0/0    16:13   4:54   1:40 
Fredrik Olofsson         1  0  1   2  4   2  0  0  0  0  0/0    11:46   0:00   0:15 
Jakub Zboril             0  1  1   0  0   1  0  0  0  0  0/0     8:22   0:00   0:00 
Jalen Chatfield          0  0  0   0  0   0  0  1  0  0  0/0     8:22   0:00   0:00 
Jeff Petry               0  1  1   2  0   0  0  2  0  1  0/0    20:59   3:57   4:17 
Jeffrey Foss             0  1  1   0  0   1  1  3  0  1  0/0    26:24   6:27   5:38 
Joe Morrow               0  0  0   0  0   2  3  1  2  0  0/0    26:24   6:27   5:38 
Joona Koppanen           0  0  0   0  0   0  0  0  0  0  0/0     0:00   0:00   0:00 
Kevin Stenlund           0  0  0   0  0   0  0  0  0  0  0/0     0:00   0:00   0:00 
Kieffer Bellows          0  0  0   0  0   0  1  0  0  0  0/0     6:34   0:00   0:00 
Kyle Rau                 1  0  1   0  0   3  1  0  0  0  11/16  19:34   5:30   5:26 
Lawson Crouse            0  0  0   0  0   3  3  1  0  1  1/3    20:15   5:29   2:34 
Liam O'Brien             0  0  0   0  0   0  0  0  0  0  0/0     0:24   0:01   0:00 
Matthew Highmore         0  0  0   0  0   2  0  0  0  0  4/4     6:34   0:00   0:00 
Samuel Girard            0  0  0   0  2   0  0  0  0  0  0/0     4:21   0:00   0:00 
Sebastian Aho            1  0  1   0  0   3  2  0  1  0  17/24  19:54   4:54   2:34 
Thomas Spelling          0  1  1   2  0   0  0  2  0  1  0/1    11:30   0:00   0:00 
Victor Olofsson          0  1  1   0  2   1  1  0  0  0  0/1    14:05   4:54   0:00 
Wade Allison             0  0  0   0  0   2  0  0  2  0  0/1     6:34   0:00   0:00 
Zachary Senyshyn         0  1  1   0  0   0  0  0  0  0  1/1     2:08   0:00   1:55 

3 Stars

1 - Laurent Brossoit (Chi)
2 - Antti Suomela (Chi)
3 - Sebastian Aho (Chi)

Power Play

Sound Tigers - 0 on 5 Attempt(s) - 0.00%
Wolves - 1 on 6 Attempt(s) - 16.67%

Penalty Kill

Sound Tigers - 5 on 6 Attempt(s) - 83.33% - Score 0 goal in Penalty Kill
Wolves - 5 on 5 Attempt(s) - 100.00% - Score 0 goal in Penalty Kill

Team Stat

Sound Tigers - Hits : 17 - Faceoff Wins : 25 - Blocked Shots : 16 - Penalty Minutes : 12
Wolves - Hits : 16 - Faceoff Wins : 39 - Blocked Shots : 12 - Penalty Minutes : 10

Official

Referees : Brandon Schrader and Beaudry Halkidis
Linesman : Devin Berg and Pierre Racicot

Game Notes

No Game Note

Finance

Level 1 -- Attendance: 2000 (100.00%) -- Ticket Income $70,000
Level 2 -- Attendance: 883 (88.30%) -- Ticket Income $13,245
Total Attendance: 2883 (96.10%)
Total Ticket Income: $83,245
Other Income: $4,162
Total Income: $87,407

Sound Tigers

5 vs 5 Forward 
   Center                   Left Wing                Right Wing               Time % Phy DF OF 
 1 Ryan Bourque             James Sheppard           Borna Rendulic           40     1   2  2  
 2 Pavel Kraskovsky         Ben Thomson              James Livingstone        30     1   2  2  
 3 Rhett Gardner            Tyrell Goulbourne        Scott Glennie            20     1   2  2  
 4 Ben Johnson              Brad Ross                Josh Archibald           10     1   2  2  

5 vs 5 Defense 
   Defense                  Defense                                           Time % Phy DF OF 
 1 Connor Murphy            Dylan McIlrath                                    40     1   2  2  
 2 Julian Melchiori         Slater Koekkoek                                   30     1   2  2  
 3 Gabriel Carlsson         Alexander Yelesin                                 20     1   2  2  
 4 Connor Murphy            Dylan McIlrath                                    10     1   2  2  

PowerPlay Forward 
   Center                   Left Wing                Right Wing               Time % Phy DF OF 
 1 Ryan Bourque             James Sheppard           Borna Rendulic           60     1   2  2  
 2 Pavel Kraskovsky         Ben Thomson              James Livingstone        40     1   2  2  

PowerPlay Defense
   Defense                  Defense                                           Time % Phy DF OF 
 1 Connor Murphy            Dylan McIlrath                                    60     1   2  2  
 2 Julian Melchiori         Slater Koekkoek                                   40     1   2  2  

Penalty Kill 4 Players Forward 
   Center                   Wing                     Time % Phy DF OF 
 1 James Sheppard           Borna Rendulic           60     1   2  2  
 2 James Livingstone        Ben Thomson              40     1   2  2  

Penalty Kill 4 Players Defense
   Defense                  Defense                  Time % Phy DF OF 
 1 Connor Murphy            Dylan McIlrath           60     1   2  2  
 2 Julian Melchiori         Slater Koekkoek          40     1   2  2  

Penalty Kill - 3 Players Forward 
   Forward                                           Time % Phy DF OF 
 1 James Sheppard                                    60     1   2  2  
 2 Borna Rendulic                                    40     1   2  2  

Penalty Kill - 3 Players Defense
   Defense                  Defense                  Time % Phy DF OF 
 1 Connor Murphy            Dylan McIlrath           60     1   2  2  
 2 Julian Melchiori         Slater Koekkoek          40     1   2  2  

4 vs 4 Forward 
   Center                   Wing                     Time % Phy DF OF 
 1 James Sheppard           Borna Rendulic           60     1   2  2  
 2 James Livingstone        Ben Thomson              40     1   2  2  

4 vs 4 Defense
   Defense                  Defense                  Time % Phy DF OF 
 1 Connor Murphy            Dylan McIlrath           60     1   2  2  
 2 Julian Melchiori         Slater Koekkoek          40     1   2  2  

Last Minutes Offensive
   Center                   Left Wing                Right Wing               Defense                  Defense                  
   Ryan Bourque             James Sheppard           Borna Rendulic           Connor Murphy            Dylan McIlrath           

Last Minutes Defensive
   Center                   Left Wing                Right Wing               Defense                  Defense                  
   Ryan Bourque             James Sheppard           Borna Rendulic           Connor Murphy            Dylan McIlrath           

Goaltenders
Starting : Pavel Francouz           
Backup : Sean Maguire             

Extra Forwards
Normal : Garret Pilon, Blake Speers, Brandon Gignac - PP : Garret Pilon, Blake Speers - PK : Brandon Gignac
Extra Defensemen
Normal : Gabriel Carlsson, Alexander Yelesin, Julian Melchiori - PP : Gabriel Carlsson - PK : Alexander Yelesin, Julian Melchiori
Penalty Shots
James Sheppard, Borna Rendulic, James Livingstone, Ben Thomson, Ryan Bourque

Scratches
Garret Ross (Healthy), Joe Labate (Healthy), Chris Driedger (Healthy)

Wolves

5 vs 5 Forward 
   Center                   Left Wing                Right Wing               Time % Phy DF OF 
 1 Sebastian Aho            Lawson Crouse            Alexandre Grenier        40     1   2  2  
 2 Kyle Rau                 Eric Robinson            Victor Olofsson          30     1   2  2  
 3 Antti Suomela            Fredrik Olofsson         Thomas Spelling          20     1   2  2  
 4 Matthew Highmore         Kieffer Bellows          Wade Allison             10     1   2  2  

5 vs 5 Defense 
   Defense                  Defense                                           Time % Phy DF OF 
 1 Jeffrey Foss             Joe Morrow                                        40     1   2  2  
 2 Anton Lindholm           Jeff Petry                                        30     1   2  2  
 3 Jalen Chatfield          Jakub Zboril                                      20     1   2  2  
 4 Samuel Girard            Dylan Coghlan                                     10     1   2  2  

PowerPlay Forward 
   Center                   Left Wing                Right Wing               Time % Phy DF OF 
 1 Kyle Rau                 Lawson Crouse            Alexandre Grenier        60     1   2  2  
 2 Sebastian Aho            Eric Robinson            Victor Olofsson          40     1   2  2  

PowerPlay Defense
   Defense                  Defense                                           Time % Phy DF OF 
 1 Jeffrey Foss             Joe Morrow                                        60     1   2  2  
 2 Anton Lindholm           Jeff Petry                                        40     1   2  2  

Penalty Kill 4 Players Forward 
   Center                   Wing                     Time % Phy DF OF 
 1 Alexandre Grenier        Kyle Rau                 60     1   2  2  
 2 Sebastian Aho            Lawson Crouse            40     1   2  2  

Penalty Kill 4 Players Defense
   Defense                  Defense                  Time % Phy DF OF 
 1 Jeffrey Foss             Joe Morrow               60     1   2  2  
 2 Anton Lindholm           Jeff Petry               40     1   2  2  

Penalty Kill - 3 Players Forward 
   Forward                                           Time % Phy DF OF 
 1 Alexandre Grenier                                 60     1   2  2  
 2 Kyle Rau                                          40     1   2  2  

Penalty Kill - 3 Players Defense
   Defense                  Defense                  Time % Phy DF OF 
 1 Jeffrey Foss             Joe Morrow               60     1   2  2  
 2 Anton Lindholm           Jeff Petry               40     1   2  2  

4 vs 4 Forward 
   Center                   Wing                     Time % Phy DF OF 
 1 Alexandre Grenier        Kyle Rau                 60     1   2  2  
 2 Sebastian Aho            Lawson Crouse            40     1   2  2  

4 vs 4 Defense
   Defense                  Defense                  Time % Phy DF OF 
 1 Jeffrey Foss             Joe Morrow               60     1   2  2  
 2 Anton Lindholm           Jeff Petry               40     1   2  2  

Last Minutes Offensive
   Center                   Left Wing                Right Wing               Defense                  Defense                  
   Kyle Rau                 Lawson Crouse            Alexandre Grenier        Jeffrey Foss             Joe Morrow               

Last Minutes Defensive
   Center                   Left Wing                Right Wing               Defense                  Defense                  
   Kyle Rau                 Lawson Crouse            Alexandre Grenier        Jeffrey Foss             Joe Morrow               

Goaltenders
Starting : Laurent Brossoit         
Backup : Ebbe Siönäs              

Extra Forwards
Normal : Liam O'Brien, Kevin Stenlund, Zachary Senyshyn - PP : Liam O'Brien, Kevin Stenlund - PK : Zachary Senyshyn
Extra Defensemen
Normal : Jalen Chatfield, Jakub Zboril, Samuel Girard - PP : Jalen Chatfield - PK : Jakub Zboril, Samuel Girard
Penalty Shots
Alexandre Grenier, Kyle Rau, Sebastian Aho, Lawson Crouse, Victor Olofsson

Scratches
Max Friberg (Healthy)

% Time on Ice - Sound Tigers

Lines # - Real PCT - Wanted PCT - Time Play
Normal Forward
1 - 34% - 40% - 13:20
2 - 24% - 30% - 9:25
3 - 28% - 20% - 11:13
4 - 14% - 10% - 5:43
Normal Defense
1 - 40% - 40% - 15:58
2 - 34% - 30% - 13:18
3 - 25% - 20% - 10:04
4 - 1% - 10% - 0:21
PP Forward
1 - 57% - 60% - 5:42
2 - 43% - 40% - 4:13
PP Defense
1 - 59% - 60% - 5:49
2 - 41% - 40% - 4:06
PK Forward
1 - 85% - 60% - 8:49
2 - 15% - 40% - 1:35
PK Defense
1 - 65% - 60% - 6:47
2 - 35% - 40% - 3:37
PK3 Forward
1 - 0% - 60%
2 - 0% - 40%
PK3 Defense
1 - 0% - 60%
2 - 0% - 40%
44 Forward
1 - 0% - 60%
2 - 0% - 40%
44 Defense
1 - 0% - 60%
2 - 0% - 40%
Last Minute Offensive  - 0:00
Last Minute Defensive  - 0:00
Total
Forward - 60:00
Defense - 60:00

% Time on Ice - Wolves

Lines # - Real PCT - Wanted PCT - Time Play
Normal Forward
1 - 31% - 40% - 12:10
2 - 24% - 30% - 9:27
3 - 29% - 20% - 11:30
4 - 17% - 10% - 6:34
Normal Defense
1 - 36% - 40% - 14:19
2 - 32% - 30% - 12:45
3 - 21% - 20% - 8:22
4 - 11% - 10% - 4:15
PP Forward
1 - 53% - 60% - 5:30
2 - 47% - 40% - 4:54
PP Defense
1 - 62% - 60% - 6:27
2 - 38% - 40% - 3:57
PK Forward
1 - 74% - 60% - 7:21
2 - 26% - 40% - 2:34
PK Defense
1 - 57% - 60% - 5:38
2 - 43% - 40% - 4:17
PK3 Forward
1 - 0% - 60%
2 - 0% - 40%
PK3 Defense
1 - 0% - 60%
2 - 0% - 40%
44 Forward
1 - 0% - 60%
2 - 0% - 40%
44 Defense
1 - 0% - 60%
2 - 0% - 40%
Last Minute Offensive  - 0:00
Last Minute Defensive  - 0:00
Total
Forward - 60:00
Defense - 60:00

Play-by-Play

1st period


0:01 of 1st period - Sebastian Aho wins face-off versus Ryan Bourque in neutral zone.
0:44 of 1st period - Icing by Rhett Gardner.
0:45 of 1st period - Antti Suomela wins face-off versus Rhett Gardner in Sound Tigers zone.
0:52 of 1st period - Snap shot by Thomas Spelling.
0:52 of 1st period - Shot Misses the Net.
0:57 of 1st period - Off-side.
0:58 of 1st period - Matthew Highmore wins face-off versus Ben Johnson in neutral zone.
1:24 of 1st period - Alexander Yelesin is hit by Alexandre Grenier and loses puck.
1:46 of 1st period - Snap shot by James Sheppard.
1:46 of 1st period - Stopped by Laurent Brossoit with a rebound.
2:19 of 1st period - Icing by Dylan McIlrath.
2:20 of 1st period - Rhett Gardner wins face-off versus Sebastian Aho in Sound Tigers zone.
3:20 of 1st period - Joe Morrow is hit by Julian Melchiori and loses puck.
3:34 of 1st period - Off-side.
3:35 of 1st period - Matthew Highmore wins face-off versus Ben Johnson in neutral zone.
3:40 of 1st period - Backhand shot by Connor Murphy.
3:40 of 1st period - Stopped by Laurent Brossoit with a rebound.
3:42 of 1st period - Slapshot by Dylan McIlrath.
3:42 of 1st period - Shot Blocked by Jalen Chatfield.
3:44 of 1st period - Slapshot by Connor Murphy.
3:44 of 1st period - Stopped by Laurent Brossoit without a rebound.
3:45 of 1st period - Sebastian Aho wins face-off versus Ryan Bourque in Wolves zone.
4:39 of 1st period - Slapshot by Jeffrey Foss.
4:39 of 1st period - Shot Blocked by Connor Murphy.
4:41 of 1st period - Slapshot by Jeffrey Foss.
4:41 of 1st period - Shot Misses the Net.
4:43 of 1st period - Snap shot by Jeffrey Foss.
4:43 of 1st period - Shot Blocked by Dylan McIlrath.
4:53 of 1st period - Snap shot by Connor Murphy.
4:53 of 1st period - Deflect By Brad Ross.
4:53 of 1st period - Shot Blocked by Anton Lindholm.
4:53 of 1st period - Puck is out of play.
4:54 of 1st period - Matthew Highmore wins face-off versus Ben Johnson in Wolves zone.
5:06 of 1st period - Snap shot by Matthew Highmore.
5:06 of 1st period - Stopped by Pavel Francouz with a rebound.
5:28 of 1st period - Wrist shot by Lawson Crouse.
5:28 of 1st period - Stopped by Pavel Francouz with a rebound.
5:30 of 1st period - Slapshot by Lawson Crouse.
5:30 of 1st period - Shot Blocked by Borna Rendulic.
5:40 of 1st period - Slapshot by James Livingstone.
5:40 of 1st period - Shot Misses the Net.
5:42 of 1st period - Wrist shot by James Livingstone.
5:42 of 1st period - Shot Misses the Net.
5:44 of 1st period - Wrist shot by James Livingstone.
5:44 of 1st period - Shot Misses the Net.
5:46 of 1st period - Snap shot by Julian Melchiori.
5:46 of 1st period - Stopped by Laurent Brossoit with a rebound.
5:48 of 1st period - Snap shot by Julian Melchiori.
5:48 of 1st period - Deflect By Jeffrey Foss.
5:48 of 1st period - Stopped by Laurent Brossoit with a rebound.
5:50 of 1st period - Slapshot by Julian Melchiori.
5:50 of 1st period - Stopped by Laurent Brossoit with a rebound.
6:14 of 1st period - Slapshot by Jeffrey Foss.
6:14 of 1st period - Shot Misses the Net.
6:26 of 1st period - Snap shot by Sebastian Aho.
6:26 of 1st period - Stopped by Pavel Francouz without a rebound.
6:27 of 1st period - Ryan Bourque wins face-off versus Lawson Crouse in Sound Tigers zone.
6:29 of 1st period - Minor Penalty to Borna Rendulic for Tripping.
6:30 of 1st period - James Sheppard wins face-off versus Kyle Rau in Sound Tigers zone.
6:34 of 1st period - Snap shot by Lawson Crouse.
6:34 of 1st period - Stopped by Pavel Francouz with a rebound.
6:36 of 1st period - Snap shot by Alexandre Grenier.
6:36 of 1st period - Stopped by Pavel Francouz with a rebound.
7:04 of 1st period - Snap shot by Victor Olofsson.
7:04 of 1st period - Shot Misses the Net.
7:06 of 1st period - Wrist shot by Victor Olofsson.
7:06 of 1st period - Shot Misses the Net.
8:29 of 1st period - Penalty to Borna Rendulic is over, Borna Rendulic is back on ice.
9:43 of 1st period - Jakub Zboril is hit by Borna Rendulic and loses puck.
10:10 of 1st period - Jeff Petry is hit by Pavel Kraskovsky and loses puck.
11:03 of 1st period - Borna Rendulic is hit by Jeffrey Foss and loses puck.
11:47 of 1st period - Joe Morrow is hit by Julian Melchiori and loses puck.
12:04 of 1st period - James Livingstone is hit by Alexandre Grenier and loses puck.
12:53 of 1st period - Snap shot by Wade Allison.
12:53 of 1st period - Stopped by Pavel Francouz with a rebound.
12:55 of 1st period - Slapshot by Matthew Highmore.
12:55 of 1st period - Shot Misses the Net.
13:20 of 1st period - Off-side.
13:21 of 1st period - Pavel Kraskovsky wins face-off versus Kyle Rau in neutral zone.
13:26 of 1st period - Wrist shot by Ben Thomson.
13:26 of 1st period - Stopped by Laurent Brossoit with a rebound.
13:28 of 1st period - Wrist shot by James Livingstone.
13:28 of 1st period - Shot Misses the Net.
13:30 of 1st period - Snap shot by James Livingstone.
13:30 of 1st period - Shot Misses the Net.
13:55 of 1st period - Wrist shot by Alexandre Grenier.
13:55 of 1st period - Shot Misses the Net.
13:57 of 1st period - Slapshot by Anton Lindholm.
13:57 of 1st period - Shot Blocked by Gabriel Carlsson.
13:59 of 1st period - Snap shot by Sebastian Aho.
13:59 of 1st period - Shot Misses the Net.
14:09 of 1st period - Slapshot by Matthew Highmore.
14:09 of 1st period - Shot Misses the Net.
14:15 of 1st period - Wrist shot by Matthew Highmore.
14:15 of 1st period - Shot Misses the Net.
14:17 of 1st period - Snap shot by Jakub Zboril.
14:17 of 1st period - Shot Misses the Net.
14:22 of 1st period - Minor Penalty to Borna Rendulic for Interference.
14:23 of 1st period - James Livingstone wins face-off versus Kyle Rau in Sound Tigers zone.
14:31 of 1st period - Snap shot by Lawson Crouse.
14:31 of 1st period - Shot Blocked by Julian Melchiori.
16:22 of 1st period - Penalty to Borna Rendulic is over, Borna Rendulic is back on ice.
16:30 of 1st period - Snap shot by Scott Glennie.
16:30 of 1st period - Shot Blocked by Anton Lindholm.
17:44 of 1st period - Dylan Coghlan is hit by Connor Murphy and loses puck.
17:55 of 1st period - Dylan McIlrath is hit by Kieffer Bellows and loses puck.
18:54 of 1st period - Joe Morrow is hit by Tyrell Goulbourne and loses puck.
19:35 of 1st period - Icing by Alexander Yelesin.
19:36 of 1st period - Ben Johnson wins face-off versus Antti Suomela in Sound Tigers zone.
Goals for this period are 0 for Sound Tigers vs 0 for Wolves.
Shots for this period are 7 for Sound Tigers vs 6 for Wolves.

2nd period


0:01 of 2nd period - Sebastian Aho wins face-off versus Ryan Bourque in neutral zone.
0:53 of 2nd period - Slapshot by Julian Melchiori.
0:53 of 2nd period - Stopped by Laurent Brossoit without a rebound.
0:54 of 2nd period - Kyle Rau wins face-off versus Ryan Bourque in Wolves zone.
1:29 of 2nd period - Minor Penalty to Fredrik Olofsson for Holding.
1:30 of 2nd period - Ryan Bourque wins face-off versus Alexandre Grenier in Wolves zone.
1:31 of 2nd period - Snap shot by James Sheppard.
1:31 of 2nd period - Stopped by Laurent Brossoit with a rebound.
1:33 of 2nd period - Slapshot by Connor Murphy.
1:33 of 2nd period - Stopped by Laurent Brossoit without a rebound.
1:34 of 2nd period - Alexandre Grenier wins face-off versus Borna Rendulic in Wolves zone.
1:34 of 2nd period - Alexandre Grenier is hit by Borna Rendulic.
1:48 of 2nd period - Snap shot by James Sheppard.
1:48 of 2nd period - Shot Blocked by Jeffrey Foss.
3:29 of 2nd period - Penalty to Fredrik Olofsson is over, Fredrik Olofsson is back on ice.
3:37 of 2nd period - Off-side.
3:38 of 2nd period - Rhett Gardner wins face-off versus Antti Suomela in neutral zone.
4:41 of 2nd period - James Sheppard is hit by Kyle Rau.
5:00 of 2nd period - Icing by Julian Melchiori.
5:01 of 2nd period - Tyrell Goulbourne wins face-off versus Lawson Crouse in Sound Tigers zone.
5:01 of 2nd period - Tyrell Goulbourne is hit by Lawson Crouse.
5:09 of 2nd period - Snap shot by Tyrell Goulbourne.
5:09 of 2nd period - Deflect By Scott Glennie.
5:09 of 2nd period - Shot Misses the Net.
5:09 of 2nd period - Puck is out of play.
5:10 of 2nd period - Sebastian Aho wins face-off versus Ryan Bourque in Wolves zone.
5:14 of 2nd period - Minor Penalty to James Sheppard for Holding.
5:15 of 2nd period - Kyle Rau wins face-off versus Brandon Gignac in Sound Tigers zone.
5:43 of 2nd period - Wrist shot by Kyle Rau.
5:43 of 2nd period - Goal by Kyle Rau - Sound Tigers : 0 - Wolves : 1.
5:44 of 2nd period - Sebastian Aho wins face-off versus Ryan Bourque in neutral zone.
6:20 of 2nd period - Snap shot by Connor Murphy.
6:20 of 2nd period - Shot Blocked by Thomas Spelling.
6:44 of 2nd period - Snap shot by Borna Rendulic.
6:44 of 2nd period - Shot Blocked by Joe Morrow.
6:56 of 2nd period - Snap shot by Ryan Bourque.
6:56 of 2nd period - Stopped by Laurent Brossoit without a rebound.
6:57 of 2nd period - Sebastian Aho wins face-off versus Pavel Kraskovsky in Wolves zone.
6:57 of 2nd period - Sebastian Aho is hit by Ben Thomson.
7:27 of 2nd period - Slapshot by Wade Allison.
7:27 of 2nd period - Stopped by Pavel Francouz without a rebound.
7:28 of 2nd period - Matthew Highmore wins face-off versus Rhett Gardner in Sound Tigers zone.
7:41 of 2nd period - Snap shot by Scott Glennie.
7:41 of 2nd period - Stopped by Laurent Brossoit without a rebound.
7:42 of 2nd period - Pavel Kraskovsky wins face-off versus Sebastian Aho in Wolves zone.
7:43 of 2nd period - Wrist shot by Ben Thomson.
7:43 of 2nd period - Stopped by Laurent Brossoit with a rebound.
7:57 of 2nd period - Snap shot by Sebastian Aho.
7:57 of 2nd period - Deflect By Alexandre Grenier.
7:57 of 2nd period - Shot Misses the Net.
7:57 of 2nd period - Puck is out of play.
7:58 of 2nd period - Ryan Bourque wins face-off versus Victor Olofsson in Sound Tigers zone.
8:05 of 2nd period - Snap shot by Borna Rendulic.
8:05 of 2nd period - Shot Misses the Net.
8:30 of 2nd period - Pavel Kraskovsky is hit by Sebastian Aho and loses puck.
8:57 of 2nd period - Snap shot by Thomas Spelling.
8:57 of 2nd period - Shot Blocked by Gabriel Carlsson.
8:59 of 2nd period - Snap shot by Fredrik Olofsson.
8:59 of 2nd period - Goal by Fredrik Olofsson - Sound Tigers : 0 - Wolves : 2.
9:00 of 2nd period - Sebastian Aho wins face-off versus Ryan Bourque in neutral zone.
9:02 of 2nd period - Joe Morrow is hit by James Sheppard and loses puck.
9:13 of 2nd period - Snap shot by Ryan Bourque.
9:13 of 2nd period - Shot Misses the Net.
9:15 of 2nd period - Slapshot by Dylan McIlrath.
9:15 of 2nd period - Shot Blocked by Lawson Crouse.
9:32 of 2nd period - Kyle Rau is hit by Julian Melchiori and loses puck.
9:44 of 2nd period - Icing by Rhett Gardner.
9:45 of 2nd period - Ben Johnson wins face-off versus Thomas Spelling in Sound Tigers zone.
10:00 of 2nd period - Snap shot by Thomas Spelling.
10:00 of 2nd period - Deflect By Fredrik Olofsson.
10:00 of 2nd period - Stopped by Pavel Francouz with a rebound.
10:35 of 2nd period - Wrist shot by Tyrell Goulbourne.
10:35 of 2nd period - Stopped by Laurent Brossoit with a rebound.
10:37 of 2nd period - Slapshot by Rhett Gardner.
10:37 of 2nd period - Shot Blocked by Jeff Petry.
10:39 of 2nd period - Snap shot by Tyrell Goulbourne.
10:39 of 2nd period - Shot Misses the Net.
10:41 of 2nd period - Snap shot by Dylan McIlrath.
10:41 of 2nd period - Shot Blocked by Thomas Spelling.
11:07 of 2nd period - Wrist shot by Borna Rendulic.
11:07 of 2nd period - Shot Misses the Net.
11:42 of 2nd period - Snap shot by Alexandre Grenier.
11:42 of 2nd period - Stopped by Pavel Francouz with a rebound.
11:44 of 2nd period - Slapshot by Jakub Zboril.
11:44 of 2nd period - Shot Misses the Net.
12:04 of 2nd period - Snap shot by Matthew Highmore.
12:04 of 2nd period - Shot Misses the Net.
12:06 of 2nd period - Slapshot by Kieffer Bellows.
12:06 of 2nd period - Deflect By Matthew Highmore.
12:06 of 2nd period - Stopped by Pavel Francouz with a rebound.
12:08 of 2nd period - Slapshot by Wade Allison.
12:08 of 2nd period - Shot Misses the Net.
12:10 of 2nd period - Snap shot by Matthew Highmore.
12:10 of 2nd period - Shot Misses the Net.
12:21 of 2nd period - Minor Penalty to Samuel Girard for Roughing.
12:22 of 2nd period - Alexandre Grenier wins face-off versus Ryan Bourque in Wolves zone.
12:25 of 2nd period - Off-side.
12:26 of 2nd period - Ryan Bourque wins face-off versus Alexandre Grenier in neutral zone.
12:41 of 2nd period - Slapshot by Connor Murphy.
12:41 of 2nd period - Deflect By Borna Rendulic.
12:41 of 2nd period - Shot Hit the Post.
12:41 of 2nd period - Puck is out of play.
12:42 of 2nd period - Alexandre Grenier wins face-off versus Ryan Bourque in Wolves zone.
14:21 of 2nd period - Penalty to Samuel Girard is over, Samuel Girard is back on ice.
14:39 of 2nd period - Wrist shot by Thomas Spelling.
14:39 of 2nd period - Shot Misses the Net.
14:41 of 2nd period - Backhand shot by Jalen Chatfield.
14:41 of 2nd period - Shot Misses the Net.
14:43 of 2nd period - Slapshot by Jakub Zboril.
14:43 of 2nd period - Stopped by Pavel Francouz with a rebound.
14:49 of 2nd period - Minor Penalty to Tyrell Goulbourne for Hooking.
14:50 of 2nd period - Kyle Rau wins face-off versus James Sheppard in Sound Tigers zone.
15:12 of 2nd period - Dylan McIlrath is hit by Joe Morrow and loses puck.
15:21 of 2nd period - Snap shot by Victor Olofsson.
15:21 of 2nd period - Shot Blocked by James Livingstone.
15:23 of 2nd period - Wrist shot by Eric Robinson.
15:23 of 2nd period - Stopped by Pavel Francouz with a rebound.
16:12 of 2nd period - Slater Koekkoek is hit by Joe Morrow and loses puck.
16:19 of 2nd period - Snap shot by Eric Robinson.
16:19 of 2nd period - Shot Blocked by Slater Koekkoek.
16:31 of 2nd period - Connor Murphy is hit by Eric Robinson and loses puck.
16:49 of 2nd period - Penalty to Tyrell Goulbourne is over, Tyrell Goulbourne is back on ice.
16:57 of 2nd period - Snap shot by Sebastian Aho.
16:57 of 2nd period - Stopped by Pavel Francouz with a rebound.
17:07 of 2nd period - Slapshot by Tyrell Goulbourne.
17:07 of 2nd period - Stopped by Laurent Brossoit without a rebound.
17:08 of 2nd period - Rhett Gardner wins face-off versus Antti Suomela in Wolves zone.
17:58 of 2nd period - Thomas Spelling is hit by Ryan Bourque and loses puck.
18:43 of 2nd period - Slapshot by Slater Koekkoek.
18:43 of 2nd period - Deflect By Ben Thomson.
18:43 of 2nd period - Shot Blocked by Jeffrey Foss.
18:43 of 2nd period - Puck is out of play.
18:44 of 2nd period - Pavel Kraskovsky wins face-off versus Wade Allison in Wolves zone.
18:53 of 2nd period - Slapshot by Anton Lindholm.
18:53 of 2nd period - Shot Blocked by Connor Murphy.
19:03 of 2nd period - Backhand shot by Thomas Spelling.
19:03 of 2nd period - Shot Blocked by James Sheppard.
19:27 of 2nd period - Slapshot by Tyrell Goulbourne.
19:27 of 2nd period - Deflect By Scott Glennie.
19:27 of 2nd period - Goal by Scott Glennie - Sound Tigers : 1 - Wolves : 2.
19:28 of 2nd period - Ryan Bourque wins face-off versus Sebastian Aho in neutral zone.
19:33 of 2nd period - Wrist shot by Borna Rendulic.
19:33 of 2nd period - Stopped by Laurent Brossoit without a rebound.
19:34 of 2nd period - Sebastian Aho wins face-off versus Ryan Bourque in Wolves zone.
19:34 of 2nd period - Sebastian Aho is hit by Julian Melchiori.
19:37 of 2nd period - Icing by Lawson Crouse.
19:38 of 2nd period - Sebastian Aho wins face-off versus Ryan Bourque in Wolves zone.
19:38 of 2nd period - Sebastian Aho is hit by Slater Koekkoek.
19:47 of 2nd period - Minor Penalty to Borna Rendulic for Hooking.
19:48 of 2nd period - Lawson Crouse wins face-off versus James Sheppard in Sound Tigers zone.
19:56 of 2nd period - Snap shot by Alexandre Grenier.
19:56 of 2nd period - Deflect By Connor Murphy.
19:56 of 2nd period - Shot Misses the Net.
19:56 of 2nd period - Puck is out of play.
19:57 of 2nd period - Kyle Rau wins face-off versus James Sheppard in Sound Tigers zone.
Goals for this period are 1 for Sound Tigers vs 2 for Wolves.
Shots for this period are 10 for Sound Tigers vs 9 for Wolves.

3rd period


0:01 of 3rd period - Kyle Rau wins face-off versus James Sheppard in neutral zone.
0:06 of 3rd period - Slapshot by Jeffrey Foss.
0:06 of 3rd period - Shot Misses the Net.
0:08 of 3rd period - Slapshot by Lawson Crouse.
0:08 of 3rd period - Shot Blocked by Connor Murphy.
0:36 of 3rd period - Wrist shot by Eric Robinson.
0:36 of 3rd period - Stopped by Pavel Francouz with a rebound.
1:47 of 3rd period - Penalty to Borna Rendulic is over, Borna Rendulic is back on ice.
2:00 of 3rd period - Slapshot by Scott Glennie.
2:00 of 3rd period - Shot Misses the Net.
2:02 of 3rd period - Snap shot by Tyrell Goulbourne.
2:02 of 3rd period - Stopped by Laurent Brossoit with a rebound.
2:25 of 3rd period - Wade Allison is hit by James Sheppard and loses puck.
2:42 of 3rd period - Icing by Gabriel Carlsson.
2:43 of 3rd period - Pavel Kraskovsky wins face-off versus Kyle Rau in Sound Tigers zone.
3:02 of 3rd period - Snap shot by Victor Olofsson.
3:02 of 3rd period - Shot Misses the Net.
3:04 of 3rd period - Backhand shot by Sebastian Aho.
3:04 of 3rd period - Goal by Sebastian Aho - Sound Tigers : 1 - Wolves : 3.
3:05 of 3rd period - Sebastian Aho wins face-off versus Ryan Bourque in neutral zone.
3:08 of 3rd period - Snap shot by Joe Morrow.
3:08 of 3rd period - Stopped by Pavel Francouz without a rebound.
3:09 of 3rd period - Sebastian Aho wins face-off versus Ryan Bourque in Sound Tigers zone.
3:10 of 3rd period - Wrist shot by Alexandre Grenier.
3:10 of 3rd period - Stopped by Pavel Francouz without a rebound.
3:11 of 3rd period - Ryan Bourque wins face-off versus Sebastian Aho in Sound Tigers zone.
3:11 of 3rd period - Ryan Bourque is hit by Joe Morrow.
3:21 of 3rd period - Snap shot by James Sheppard.
3:21 of 3rd period - Stopped by Laurent Brossoit with a rebound.
3:23 of 3rd period - Snap shot by James Sheppard.
3:23 of 3rd period - Shot Misses the Net.
3:25 of 3rd period - Snap shot by Ryan Bourque.
3:25 of 3rd period - Stopped by Laurent Brossoit with a rebound.
3:34 of 3rd period - Icing by Joe Morrow.
3:35 of 3rd period - Kyle Rau wins face-off versus Pavel Kraskovsky in Wolves zone.
3:57 of 3rd period - Icing by Joe Morrow.
3:58 of 3rd period - Ryan Bourque wins face-off versus Kyle Rau in Wolves zone.
4:09 of 3rd period - Snap shot by Ryan Bourque.
4:09 of 3rd period - Stopped by Laurent Brossoit without a rebound.
4:10 of 3rd period - Ryan Bourque wins face-off versus Sebastian Aho in Wolves zone.
4:11 of 3rd period - Snap shot by James Sheppard.
4:11 of 3rd period - Stopped by Laurent Brossoit with a rebound.
4:13 of 3rd period - Slapshot by Dylan McIlrath.
4:13 of 3rd period - Stopped by Laurent Brossoit without a rebound.
4:14 of 3rd period - Sebastian Aho wins face-off versus Ryan Bourque in Wolves zone.
4:19 of 3rd period - Backhand shot by James Sheppard.
4:19 of 3rd period - Shot Blocked by Jeff Petry.
4:21 of 3rd period - Backhand shot by Dylan McIlrath.
4:21 of 3rd period - Stopped by Laurent Brossoit with a rebound.
4:23 of 3rd period - Snap shot by James Sheppard.
4:23 of 3rd period - Stopped by Laurent Brossoit without a rebound.
4:24 of 3rd period - Sebastian Aho wins face-off versus Ryan Bourque in Wolves zone.
4:49 of 3rd period - Pavel Kraskovsky is hit by Eric Robinson and loses puck.
5:38 of 3rd period - Snap shot by Josh Archibald.
5:38 of 3rd period - Shot Misses the Net.
6:05 of 3rd period - Snap shot by Joe Morrow.
6:05 of 3rd period - Shot Misses the Net.
6:14 of 3rd period - Borna Rendulic is hit by Victor Olofsson.
6:28 of 3rd period - Wrist shot by Ben Thomson.
6:28 of 3rd period - Shot Misses the Net.
6:30 of 3rd period - Snap shot by Ben Thomson.
6:30 of 3rd period - Stopped by Laurent Brossoit with a rebound.
6:32 of 3rd period - Snap shot by James Livingstone.
6:32 of 3rd period - Shot Misses the Net.
6:34 of 3rd period - Snap shot by Pavel Kraskovsky.
6:34 of 3rd period - Shot Hit the Post.
6:44 of 3rd period - Snap shot by Tyrell Goulbourne.
6:44 of 3rd period - Deflect By Scott Glennie.
6:44 of 3rd period - Shot Blocked by Jeffrey Foss.
6:44 of 3rd period - Puck is out of play.
6:45 of 3rd period - Sebastian Aho wins face-off versus Rhett Gardner in Wolves zone.
6:58 of 3rd period - Slapshot by Connor Murphy.
6:58 of 3rd period - Stopped by Laurent Brossoit with a rebound.
7:27 of 3rd period - Jalen Chatfield is hit by James Sheppard and loses puck.
7:43 of 3rd period - Off-side.
7:44 of 3rd period - Sebastian Aho wins face-off versus Pavel Kraskovsky in neutral zone.
7:49 of 3rd period - James Livingstone is hit by Lawson Crouse and loses puck.
8:19 of 3rd period - Minor Penalty to Fredrik Olofsson for Hooking.
8:20 of 3rd period - Ryan Bourque wins face-off versus Alexandre Grenier in Wolves zone.
8:25 of 3rd period - Snap shot by Ryan Bourque.
8:25 of 3rd period - Stopped by Laurent Brossoit without a rebound.
8:26 of 3rd period - Ryan Bourque wins face-off versus Alexandre Grenier in Wolves zone.
8:29 of 3rd period - Snap shot by James Sheppard.
8:29 of 3rd period - Stopped by Laurent Brossoit with a rebound.
10:10 of 3rd period - Icing by James Sheppard.
10:11 of 3rd period - Zachary Senyshyn wins face-off versus Ryan Bourque in Sound Tigers zone.
10:14 of 3rd period - Slapshot by Jeff Petry.
10:14 of 3rd period - Shot Misses the Net.
10:19 of 3rd period - Penalty to Fredrik Olofsson is over, Fredrik Olofsson is back on ice.
10:28 of 3rd period - Snap shot by Matthew Highmore.
10:28 of 3rd period - Shot Blocked by Scott Glennie.
11:44 of 3rd period - Backhand shot by Josh Archibald.
11:44 of 3rd period - Stopped by Laurent Brossoit with a rebound.
11:52 of 3rd period - Minor Penalty to Victor Olofsson for Holding.
11:53 of 3rd period - Alexandre Grenier wins face-off versus Ryan Bourque in Wolves zone.
13:23 of 3rd period - Ben Thomson is hit by Sebastian Aho and loses puck.
13:50 of 3rd period - Eric Robinson is hit by Blake Speers and loses puck.
13:52 of 3rd period - Penalty to Victor Olofsson is over, Victor Olofsson is back on ice.
14:03 of 3rd period - Slapshot by Antti Suomela.
14:03 of 3rd period - Goal by Antti Suomela - Sound Tigers : 1 - Wolves : 4.
14:04 of 3rd period - Pavel Kraskovsky wins face-off versus Sebastian Aho in neutral zone.
14:33 of 3rd period - Slapshot by Jeffrey Foss.
14:33 of 3rd period - Stopped by Pavel Francouz without a rebound.
14:34 of 3rd period - Kyle Rau wins face-off versus Ryan Bourque in Sound Tigers zone.
14:38 of 3rd period - Minor Penalty to Borna Rendulic for Interference.
14:39 of 3rd period - Kyle Rau wins face-off versus James Sheppard in Sound Tigers zone.
14:43 of 3rd period - Snap shot by James Sheppard.
14:43 of 3rd period - Shot Misses the Net.
15:21 of 3rd period - Backhand shot by Ben Thomson.
15:21 of 3rd period - Stopped by Laurent Brossoit without a rebound.
15:22 of 3rd period - Kyle Rau wins face-off versus Ben Johnson in Wolves zone.
15:26 of 3rd period - Off-side.
15:27 of 3rd period - Kyle Rau wins face-off versus James Sheppard in neutral zone.
15:34 of 3rd period - Snap shot by Lawson Crouse.
15:34 of 3rd period - Stopped by Pavel Francouz with a rebound.
15:36 of 3rd period - Slapshot by Kyle Rau.
15:36 of 3rd period - Stopped by Pavel Francouz with a rebound.
15:38 of 3rd period - Wrist shot by Lawson Crouse.
15:38 of 3rd period - Shot Misses the Net.
16:06 of 3rd period - Wrist shot by Kyle Rau.
16:06 of 3rd period - Stopped by Pavel Francouz with a rebound.
16:08 of 3rd period - Backhand shot by Kyle Rau.
16:08 of 3rd period - Deflect By Ben Thomson.
16:08 of 3rd period - Shot Blocked by Connor Murphy.
16:08 of 3rd period - Puck is out of play.
16:09 of 3rd period - Sebastian Aho wins face-off versus James Sheppard in Sound Tigers zone.
16:16 of 3rd period - Snap shot by Victor Olofsson.
16:16 of 3rd period - Stopped by Pavel Francouz with a rebound.
16:18 of 3rd period - Slapshot by Jeffrey Foss.
16:18 of 3rd period - Shot Misses the Net.
16:20 of 3rd period - Slapshot by Joe Morrow.
16:20 of 3rd period - Stopped by Pavel Francouz without a rebound.
16:21 of 3rd period - Sebastian Aho wins face-off versus James Livingstone in Sound Tigers zone.
16:22 of 3rd period - Wrist shot by Victor Olofsson.
16:22 of 3rd period - Shot Misses the Net.
16:34 of 3rd period - Slapshot by Joe Morrow.
16:34 of 3rd period - Shot Blocked by James Livingstone.
16:36 of 3rd period - Slapshot by Joe Morrow.
16:36 of 3rd period - Shot Blocked by Connor Murphy.
16:38 of 3rd period - Penalty to Borna Rendulic is over, Borna Rendulic is back on ice.
16:52 of 3rd period - Wrist shot by Tyrell Goulbourne.
16:52 of 3rd period - Stopped by Laurent Brossoit without a rebound.
16:53 of 3rd period - Rhett Gardner wins face-off versus Sebastian Aho in Wolves zone.
17:04 of 3rd period - Wrist shot by Scott Glennie.
17:04 of 3rd period - Stopped by Laurent Brossoit with a rebound.
17:12 of 3rd period - Slapshot by Julian Melchiori.
17:12 of 3rd period - Shot Misses the Net.
17:29 of 3rd period - Minor Penalty to Eric Robinson for Hooking.
17:30 of 3rd period - Kyle Rau wins face-off versus Ryan Bourque in Wolves zone.
17:56 of 3rd period - Joe Morrow is hit by Ben Thomson and loses puck.
19:29 of 3rd period - Penalty to Eric Robinson is over, Eric Robinson is back on ice.
19:38 of 3rd period - Tyrell Goulbourne is hit by Lawson Crouse and loses puck.
19:43 of 3rd period - Wrist shot by Lawson Crouse.
19:43 of 3rd period - Shot Blocked by Dylan McIlrath.
19:45 of 3rd period - Slapshot by Jakub Zboril.
19:45 of 3rd period - Shot Misses the Net.
19:47 of 3rd period - Snap shot by Eric Robinson.
19:47 of 3rd period - Stopped by Pavel Francouz without a rebound.
19:48 of 3rd period - Josh Archibald wins face-off versus Antti Suomela in Sound Tigers zone.
Goals for this period are 0 for Sound Tigers vs 2 for Wolves.
Shots for this period are 16 for Sound Tigers vs 12 for Wolves.